 Dungeon Crawl Stone Soup version 0.31-a0-700-gf135852 (webtiles) character file.

Game seed: 6467395507197799239

518 BarneyGumball the Chiller (level 7, -9/38 (49) HPs)
             Began as a Demonspawn Ice Elementalist on Sept 7, 2023.
             Was a Priest of Ru.
             Mangled by an orc warrior
             ... wielding a +0 battleaxe
              (16 damage)
             ... on level 7 of the Dungeon.
             The game lasted 00:22:08 (4001 turns).

BarneyGumball the Chiller (DsIE)                    Turns: 4001, Time: 00:22:09

HP:   -9/38 (49)    AC:  6    Str:  8    XL:     7   Next: 1%
MP:   19/19         EV: 12    Int: 19    God:    Ru [***...]
Gold: 303           SH:  4    Dex: 13    Spells: 3/10 levels left

rFire   . . .        h - +2 dagger (venom)
rCold   . . .        (shield unavailable)
rNeg    . . .        a - +1 robe
rPois   .            (no helmet)
rElec   .            (no cloak)
rCorr   .            (no gloves)
SInv    .            (no boots)
Will    +....        p - amulet of the acrobat
Stlth   ++           (ring unavailable)
HPRegen 0.26/turn    c - ring of magical power
MPRegen 0.16/turn

%: acrobat
@: enlightened, flying, heavily drained
A: claws 1, slimy green scales 2, missing a hand, condensation shield
a: Renounce Religion, Draw Out Power


You were on level 7 of the Dungeon.
You worshipped Ru.
Ru was most pleased with you.
You visited 1 branch of the dungeon, and saw 5 of its levels.

You collected 303 gold pieces.

Inventory:

Hand Weapons
 h - a +2 dagger of venom (weapon)
Armour
 a - a +1 robe (worn)
Jewellery
 c - a ring of magical power (right claw)
 i - a ring of protection from fire
 p - an amulet of the acrobat (around neck)
 r - a +4 ring of protection
Wands
 w - a wand of mindburst (6)
Scrolls
 e - 4 scrolls of amnesia
 j - a scroll of fear
 m - a scroll of fog
 t - a scroll of poison
Potions
 b - a potion of magic
 d - a potion of curing
 l - a potion of cancellation
 n - a potion of degeneration {unknown}
 o - a potion of lignification {unknown}
 u - a potion of might {unknown}
 v - a potion of brilliance {unknown}


   Skills:
 + Level 1.7 Fighting
 + Level 2.5 Dodging
 + Level 2.6 Stealth
 - Level 2.0 Spellcasting
 - Level 7.0 Ice Magic


You had 3 spell levels left.
You knew the following spells:

 Your Spells              Type           Power      Damage    Failure   Level
a - Freeze                Ice            100%       1d10      1%          1
b - Frozen Ramparts       Ice            56%        1d9       2%          3
c - Ozocubu's Armour      Ice            28%        N/A       2%          3

Your spell library contained the following spells:

 Spells                   Type           Power      Damage    Failure   Level
 Shock                    Conj/Air       4%         1d3       17%         1
 Cigotuvi's Dreadful Rot  Necr/Pois/Air  2%         N/A       26%         2
 Swiftness                Air            1%         N/A       45%         3
 Summon Ice Beast         Ice/Summ       15%        N/A       36%         4
 Airstrike                Air            0%         2d(1-17)  86%         4
 Dispel Undead            Necr           1%         3d6       86%         4
 Death Channel            Necr           0%         N/A       100%        6
 Chain Lightning          Conj/Air       0%         2d1       100%        9
 Fire Storm               Conj/Fire      0%         6d1       100%        9
 Shatter                  Erth           0%         3d5*      100%        9


Dungeon Overview and Level Annotations

Branches:
Dungeon (7/15)
 Temple: D:4-7

Altars:
Ru
Trog
Yredelemnul

Shops:
D:4 *

Annotations:
D:2 exclusion: black bear


Innate Abilities, Weirdness & Mutations

You have sharp fingernails.
You are mostly covered in slimy green scales. (AC +3)
You are missing a hand.
A meltable shield of frost defends you. (SH +4)


Message History

The orc priest invokes the aid of Beogh against you.
Beogh smites you!
You hit the orc.
The orc is heavily wounded.
The wight closely misses you.
You redirect the orc's attack!
The orc barely misses the orc.
You barely miss the orc.
The orc is heavily wounded.
The wight hits you with a +0 mace!
You feel drained. You block the orc's attack.
You hit the orc.
The orc looks as sick as possible!
The orc is severely wounded.
You kill the orc!
The wight barely misses you.
You hit the orc warrior but do no damage.
The wight hits you with a +0 mace!
You feel drained.
* * * LOW HITPOINT WARNING * * *
You block the orc warrior's attack.
You feel much better. The wight hits you with a +0 mace!
You feel drained. The orc warrior barely misses you.
The orc priest begins to pray, but is stunned by your conviction!
It was a potion of curing.
You feel better. You block the wight's attack.
The orc warrior hits you with a +0 battleaxe!
It was a potion of cancellation.
Your magical effects are unravelling.
You feel magically purged.
Your hearing returns.
The wight hits you with a +0 mace.
* * * LOW HITPOINT WARNING * * *
The orc warrior barely misses you.
The orc wizard gestures wildly while chanting.
The orc wizard flickers and vanishes!
Deactivating autopickup; reactivate with Ctrl-A.
It was a potion of enlightenment.
You feel very buoyant.
You fly up into the air.
The wight hits you with a +0 mace.
* * * LOW HITPOINT WARNING * * *
The orc warrior hits you with a +0 battleaxe!
You die...

#.#
#..
#.#
##z
#.# .
#.# .
#.##
#..##
##..##
##z.#
##@#
#o#


#oo #.## .{. #.. ##. $. You could see an orc warrior, a wight, an orc priest and
an orc.

Vanquished Creatures
  A water moccasin (D:4)
  An ogre (D:4)
  A scorpion (D:4)
  An orc priest (D:7)
  An iguana (D:4)
  Ijyb (D:4)
  An orc wizard (D:7)
  9 adders
  5 orcs
  5 endoplasms
  4 giant cockroaches
  10 goblins
  3 hobgoblins
  7 jackals
  6 quokkas
  10 ball pythons
  4 bats
  6 frilled lizards
  4 kobolds
  6 rats
86 creatures vanquished.

Notes
Turn   | Place    | Note
-------+----------+-------------------------------------------
     0 | D:1      | BarneyGumball the Demonspawn Ice Elementalist began the
                  | quest for the Orb.
     0 | D:1      | Reached XP level 1. HP: 13/13 MP: 3/3
   442 | D:1      | Reached skill level 4 in Ice Magic
   465 | D:1      | Gained mutation: You are partially covered in slimy green
                  | scales. (AC +2) [demonic ancestry]
   465 | D:1      | Reached XP level 2. HP: 11/19 MP: 1/5
  1306 | D:2      | Noticed a black bear
  1311 | D:2      | Found a basalt altar of Yredelemnul.
  1606 | D:2      | Reached XP level 3. HP: 16/24 MP: 6/6
  1919 | D:2      | Found a faded altar of an unknown god.
  2125 | D:3      | Learned a level 3 spell: Frozen Ramparts
  2248 | D:3      | Found a bloodstained altar of Trog.
  2328 | D:3      | Reached skill level 5 in Ice Magic
  2549 | D:3      | Gained mutation: A meltable shield of frost defends you.
                  | (SH +4) [demonic ancestry]
  2549 | D:3      | Reached XP level 4. HP: 30/30 MP: 7/7
  2598 | D:2      | Prayed at the altar of an unknown god.
  2598 | D:2      | Became a worshipper of Ru the Awakened
  2613 | D:2      | Gained mutation: You are missing a hand. [Ru sacrifice]
  2613 | D:2      | Reached * piety under Ru
  2613 | D:2      | Reached ** piety under Ru
  2613 | D:2      | Reached *** piety under Ru
  2653 | D:3      | Learned a level 3 spell: Ozocubu's Armour
  3122 | D:4      | Noticed a water moccasin
  3141 | D:4      | Killed a water moccasin
  3142 | D:4      | Reached skill level 6 in Ice Magic
  3142 | D:4      | Reached XP level 5. HP: 31/35 MP: 8/8
  3224 | D:4      | Gained mutation: You have sharp fingernails. [demonic
                  | ancestry]
  3224 | D:4      | Reached XP level 6. HP: 41/41 MP: 9/9
  3359 | D:4      | Reached skill level 7 in Ice Magic
  3444 | D:4      | Reached skill level 1 in Fighting
  3674 | D:4      | Noticed Ijyb
  3705 | D:4      | Killed Ijyb
  3824 | D:4      | Found Tumad's Assorted Antiques.
  3911 | D:4      | You fall into a shaft and drop 3 floors!
  3961 | D:7      | Noticed an orc warrior
  3986 | D:7      | Gained mutation: You are mostly covered in slimy green
                  | scales. (AC +3) [demonic ancestry]
  3986 | D:7      | Reached XP level 7. HP: 20/45 MP: 10/10
  4001 | D:7      | Mangled by an orc warrior

Illustrated notes

Levels and vault maps discovered:
D:1:      nzn_arrival_settlement, layout_basic
D:2:      minmay_chambers_of_twos, layout_basic,
          chequers_ecumenical_altar_lobes, basic_altar
D:3:      layout_basic, bloody_trog, minmay_fountain_box
D:4:      kennysheep_the_goblin_king, layout_cave_pools, serial_shops,
          nicolae_shop_back_alley_shop
D:7:      layout_rooms, nicolae_ossuary_entry_ruins

Skill      XL: |  1  2  3  4  5  6 |
---------------+-------------------+-----
Ice Magic      | 4 5 6 7 |  7.0
Dodging        | 2 |  2.5
Stealth        | 2 |  2.6
Fighting       | 1 |  1.7
Spellcasting   | |  2.0

Action                     |  1- 3 |  4- 6 |  7- 9 || total
---------------------------+-------+-------+-------++-------
  Melee: Dagger            |    11 |    58 |    10 ||    79
   Cast: Freeze            |    55 |    27 |       ||    82
         Frozen Ramparts   |       |     7 |       ||     7
         Ozocubu's Armour  |       |     6 |       ||     6
 Invoke: Sacrifice a Hand  |       |     1 |       ||     1
    Use: Scroll            |       |     7 |       ||     7
         Potion            |       |     1 |     6 ||     7
   Stab: Sleeping          |     6 |       |       ||     6
 Armour: Robe              |    18 |    33 |    11 ||    62
  Dodge: Dodged            |    32 |    41 |     8 ||    81
  Block: Other             |       |    19 |     4 ||    23

Table legend: (Time is in decaauts)
 A = Elapsed time spent in this place.
 B = Non-inter-level travel time spent in this place.
 C = Inter-level travel time spent in this place.
 D = Time resting spent in this place.
 E = Time spent auto-exploring this place.
 F = Levels seen in this place.
 G = Mean time per level.
                   A        B        C        D        E       F      G
               +--------+--------+--------+--------+--------+-----+--------+
         Total |   3997 |   3849 |    148 |     97 |   3019 |   5 |  799.4 |
       Dungeon |   3997 |   3849 |    148 |     97 |   3019 |   5 |  799.4 |
               +--------+--------+--------+--------+--------+-----+--------+

Top non-repeatable levels by time:
     D:2: 1063 daAuts
     D:1: 1057 daAuts
     D:4: 972 daAuts
     D:3: 813 daAuts
     D:7: 89 daAuts
